 Dungeon Crawl Stone Soup version 0.31-a0-187-gba352fbbf7 (webtiles) character file.

Game seed: 16818384773348762825

57 qw the Shooter (level 3, 0/20 HPs)
             Began as a Deep Elf Hunter on June 22, 2023.
             Slain by Sigmund
             ... wielding a +0 scythe of freezing
              (5 damage)
             ... on level 2 of the Dungeon.
             The game lasted 00:00:32 (702 turns).

qw the Shooter (Deep Elf Hunter)                     Turns: 702, Time: 00:00:33

Health: 0/20       AC:  4    Str: 10    XL:     3   Next: 73%
Magic:  5/5        EV: 12    Int: 13    God:
Gold:   62         SH:  0    Dex: 18    Spells: 2/2 levels left

rFire   . . .        Y - +0 shortbow
rCold   . . .        (shield currently unavailable)
rNeg    + . .        c - +0 leather armour
rPois   .            (no helmet)
rElec   .            (no cloak)
rCorr   .            h - +0 pair of gloves
SInv    .            (no boots)
Will    .....        (no amulet)
Stlth   ++           l - ring of positive energy
HPRegen 0.23/turn    (no ring)
MPRegen 0.09/turn

%: no passive effects
@: no status effects
A: no striking features
a: no special abilities


You were on level 2 of the Dungeon.
You visited 1 branch of the dungeon, and saw 2 of its levels.

You collected 62 gold pieces.


   Skills:
 - Level 1.5 Fighting
 + Level 7.2 Ranged Weapons
 - Level 2.4 Dodging
 - Level 1.2 Stealth


You had 2 spell levels left.
You didn't know any spells.
Your spell library was empty.

Inventory:

Hand Weapons
 Y - a +0 shortbow (weapon)
Armour
 c - a +0 leather armour (worn)
 h - a +0 pair of gloves (worn)
Jewellery
 l - a ring of positive energy (left hand)
Scrolls
 f - a scroll of identify
Potions
 b - a potion of degeneration {unknown}
 i - a potion of curing {unknown}

Dungeon Overview and Level Annotations

Branches:
Dungeon (2/15)

Altars:

Shops:
D:1 !

Annotations:
D:2 Sigmund


Message History

691 ||| FLEEEEING.
An endoplasm comes into view.
692 ||| FLEEEEING.
693 ||| FLEEEEING.
694 ||| STILL FLEEEEING.
Enter note:
Enter note:
Enter note:
Enter note:
Enter note:
Enter note:
Enter note:
Enter note:
695 ||| FLEEEEING.
Enter note:
Enter note:
Enter note:
Enter note:
Enter note:
Enter note:
Enter note:
Enter note: You shoot an arrow.
The arrow hits Sigmund but does no damage.
Sigmund is lightly wounded.
You shoot an arrow. The arrow hits Sigmund.
Sigmund is moderately wounded.
You shoot an arrow. The arrow hits Sigmund.
Sigmund is heavily wounded.
Sigmund barely misses you.
You shoot an arrow. The arrow closely misses Sigmund.
You shoot an arrow. The arrow hits Sigmund.
Sigmund is severely wounded.
Sigmund closely misses you.
You shoot an arrow. The arrow hits Sigmund!
Sigmund is almost dead.
Sigmund closely misses you.
You shoot an arrow. The arrow closely misses Sigmund.
Sigmund hits you from afar with a +0 scythe of freezing.
You die...

#....# #.........#
#.#..# #.........####
#.#.@#####.............
###.....##............)
###.###..#......#......
J......#.#......######.
###...@#.###..########.
#....................
##..@##.##..#####.##.
#...##.##..# .. #.
.####+###..#..#... ..
... .........#.#..#..
##. ....
.####.#.##.#..#. #.
....#.####.#.##.)..# ..
..#.................
...
......####.#.####...
#...####.#.......#


You could see Sigmund.

Vanquished Creatures
  An adder (D:2)
  A dart slug (D:1)
  4 bats
  An endoplasm (D:1)
  3 giant cockroaches
  6 goblins
  4 hobgoblins
  4 jackals (D:1)
  3 kobolds
  3 quokkas (D:1)
  3 ball pythons (D:1)
  5 frilled lizards
  3 rats (D:1)
41 creatures vanquished.

Notes
Turn   | Place    | Note
-------+----------+-------------------------------------------
     0 | D:1      | qw the Deep Elf Hunter began the quest for the Orb.
     0 | D:1      | Reached XP level 1. HP: 12/12 MP: 3/3
     0 | D:1      | 0 ||| qw: Version: 0.3-a-9-g12657ce
     0 | D:1      | 0 ||| qw: Game counter: 2468
     0 | D:1      | 0 ||| qw: Always use a shield: true
     0 | D:1      | 0 ||| qw: God list: Okawaru
     0 | D:1      | 0 ||| qw: Allow faded altars: false
     0 | D:1      | 0 ||| qw: Do Orc after D:15 true
     0 | D:1      | 0 ||| qw: Do second Lair branch before Depths: true
     0 | D:1      | 0 ||| qw: Lair rune preference: random
     0 | D:1      | 0 ||| qw: Plans: Normal
     0 | D:1      | 0 ||| PLANNING D:1-11
    65 | D:1      | Found Metoif's Distillery.
    74 | D:1      | 74 ||| SHOPLISTING potion of curing (42 gold, have 33).
    74 | D:1      | 74 ||| SHOPLISTING potion of heal wounds (70 gold, have
                  | 33).
    94 | D:1      | Reached skill level 6 in Ranged Weapons
    94 | D:1      | Reached XP level 2. HP: 14/16 MP: 4/4
   287 | D:1      | 287 ||| Stepping ~*~*~tactically~*~*~ (outnumbered).
   292 | D:1      | Reached XP level 3. HP: 16/20 MP: 5/5
   450 | D:1      | 450 ||| UPGRADING to +0 pair of gloves.
   455 | D:1      | 455 ||| UPGRADING to ring of positive energy.
   456 | D:1      | 456 ||| READING scroll labelled XUAMEALOIKA.
   461 | D:1      | 461 ||| READING scroll labelled MOS PIENUCK.
   462 | D:1      | 462 ||| READING 2 scrolls labelled SEIRAT WADIUCO.
   463 | D:1      | 463 ||| READING scroll labelled SAQINU IROMUZ.
   464 | D:1      | 464 ||| READING scroll labelled JIC ITREFUILYBB.
   465 | D:1      | 465 ||| DRINKING 2 fizzy puce potions.
   470 | D:1      | 470 ||| DROPPING scroll of butterflies.
   471 | D:1      | 471 ||| DROPPING potion of ambrosia.
   512 | D:2      | 512 ||| FLEEEEING.
   513 | D:2      | 513 ||| STAIRDANCE
   533 | D:2      | 533 ||| STAIRDANCE
   608 | D:2      | Reached skill level 7 in Ranged Weapons
   675 | D:2      | Noticed Sigmund
   682 | D:2      | 682 ||| READING scroll labelled CEEF XILICA.
   682 | D:2      | HP: 5/20 [Sigmund/puff of flame (5)]
   686 | D:2      | HP: 1/20 [Sigmund/magic dart (5)]
   691 | D:2      | 691 ||| FLEEEEING.
   692 | D:2      | 692 ||| FLEEEEING.
   693 | D:2      | 693 ||| FLEEEEING.
   695 | D:2      | 695 ||| FLEEEEING.
   702 | D:2      | Slain by Sigmund

Levels and vault maps discovered:
D:1:      giann_forest_graveyard, layout_rooms, serial_shops, shop
D:2:      layout_basic, minmay_unequal, uniq_natasha, uniq_crazy_yiuf_cottage,
          uniq_sigmund

Skill      XL: |  1  2  3 |
---------------+----------+-----
Ranged Weapons | 6 7 |  7.2
Fighting       | |  1.5
Dodging        | |  2.4
Stealth        | |  1.2

Action                     || total
---------------------------++-------
   Fire: Shortbow          ||   120
    Use: Scroll            ||     6
         Potion            ||     1
 Armour: Leather armour    ||    16
  Dodge: Dodged            ||    39

Table legend:
 A = Non-vault XP
 B = Vault XP
 C = Vault XP percentage of total XP
 D = Non-vault monster count
 E = Vault monster count
 F = Vault count percentage of total count
                 A         B        C        D         E       F
            +---------+---------+-------+---------+---------+-------
      Total |      82 |       0 |   0.0 |      41 |       0 |   0.0
            +---------+---------+-------+---------+---------+-------
        D:1 |      58 |       0 |   0.0 |      34 |       0 |   0.0
        D:2 |      24 |       0 |   0.0 |       7 |       0 |   0.0
            +---------+---------+-------+---------+---------+-------
